Map: Deathaura LE

Players

Eleven - Winner!

  • Race: Zerg Zerg
  • League: Diamond
  • Spawn Location: 5:00

A.I. 1 (Medium)

  • Race: Terran Terran
  • Spawn Location: 11:00

VOD

Have the link to the VOD?

Description

Time

  • Played on: July 12, 2020, 1:58 a.m.
  • Length: 12:43
Show
View Real Time Build Order
Export as new Build Order

Eleven Zerg - Winner!

Build Orders: Hatch First, Brood Lord Corruptor 

Get SALT Encoding   

  12  0:03  Drone  
  13  0:12  Overlord  
  13  0:16  Drone  
  14  0:31  Drone x2  
  16  0:49  Hatchery  
  15  0:52  Drone  
  15  0:56  Drone  
  17  0:59  Drone  
  18  1:10  Extractor  
  17  1:15  Spawning Pool  
  17  1:18  Drone  
  17  1:21  Drone  
  18  1:29  Drone  
  19  1:41  Drone  
  20  1:50  Overlord  
  20  2:02  Queen x2  
  20  2:03  Zergling x4  
  26  2:21  Hatchery  
  25  2:26  Drone  
  25  2:27  Drone  
  27  2:32  Overlord  
  27  2:40  Drone  
  27  2:41  Drone  
  29  2:46  Queen  
  29  2:49  Drone  
  32  2:53  Metabolic Boost  
  32  2:58  Drone  
  33  3:00  Drone  
  33  3:02  Drone  
  33  3:05  Drone  
  36  3:07  Drone  
  36  3:11  Drone  
  38  3:12  Overlord  
  38  3:18  Drone x2  
  40  3:25  Queen  
  42  3:27  Drone x2  
  42  3:33  Queen  
  46  3:37  Drone  
  46  3:38  Drone  
  48  3:44  Drone x2  
  50  3:53  Overlord  
  50  3:54  Overlord  
  50  3:56  Drone x4  
  50  3:57  Drone  
  50  4:01  Lair  
  55  4:12  Queen  
  55  4:15  Drone x3  
  55  4:16  Drone  
  61  4:17  Baneling Nest  
  61  4:19  Drone x3  
  61  4:22  Overlord  
  63  4:28  Zergling x2, Drone  
  63  4:29  Zergling x2  
  66  4:31  Overlord  
  66  4:40  Overlord  
  66  4:48  Zergling x8  
  66  4:49  Zergling x8  
  66  4:50  Zergling x2  
  75  5:01  Extractor  
  75  5:02  Hatchery, Extractor  
  75  5:03  Extractor x2  
  75  5:05  Extractor  
  75  5:06  Drone x3  
  72  5:07  Drone x2  
  72  5:08  Hatchery  
  72  5:10  Baneling x4  
  72  5:11  Drone  
  72  5:13  Drone  
  72  5:14  Drone  
  76  5:19  Evolution Chamber  
  76  5:20  Evolution Chamber  
  74  5:23  Drone x4  
  74  5:26  Drone  
  74  5:27  Drone x2  
  81  5:29  Drone  
  81  5:30  Drone  
  81  5:31  Drone  
  81  5:33  Drone  
  81  5:34  Drone  
  86  5:38  Overlord  
  86  5:45  Centrifical Hooks  
  86  5:48  Overlord  
  86  5:58  Drone x2  
  86  5:59  Drone x2  
  86  6:04  Zerg Ground Armor Level 1  
  90  6:05  Zerg Melee Weapons Level 1  
  90  6:07  Drone  
  91  6:16  Queen, Hydralisk Den  
  92  6:22  Drone x11  
  92  6:25  Baneling x5  
  103  6:31  Queen  
  105  6:33  Overlord x3  
  105  6:34  Overlord  
  105  6:41  Drone x5  
  105  6:43  Overlord  
  110  6:50  Muscular Augments  
  110  6:53  Extractor  
  110  6:54  Drone x3, Extractor  
  108  6:55  Drone x2  
  108  6:56  Drone x2  
  108  7:01  Zergling x14  
  122  7:21  Infestation Pit  
  121  7:26  Hatchery, Hydralisk x11  
  142  7:39  Hatchery  
  142  7:41  Hydralisk x4  
  142  7:42  Overlord x3  
  142  7:43  Overlord  
  149  7:59  Hive  
  149  8:01  Grooved Spines  
  149  8:02  Zerg Ground Armor Level 2  
  149  8:03  Spire  
  148  8:05  Zerg Melee Weapons Level 2  
  148  8:08  Zergling x18  
  148  8:09  Overlord x3  
  148  8:10  Overlord  
  157  8:47  Hydralisk x3  
  157  8:48  Hydralisk  
  165  8:50  Zergling x18  
  174  9:19  Extractor  
  174  9:22  Extractor x2  
  174  9:24  Adrenal Glands, Greater Spire  
  171  9:31  Baneling x7  
  171  9:32  Baneling x3  
  171  9:34  Drone x3  
  171  9:35  Drone x3  
  171  9:36  Drone x3  
  180  10:20  Corruptor x10  
  200  10:25  Baneling  
  200  10:26  Baneling x8  
  195  10:44  Zerg Flyer Armor Level 1  
  195  11:03  Brood Lord x2  
  199  11:10  Baneling  
  199  11:13  Extractor  
  194  11:21  Brood Lord x3  
  196  11:51  Brood Lord x2  
Show
View Real Time Build Order
Export as new Build Order

A.I. 1 (Medium) Terran 

Build Orders: 2 Factory 

Get SALT Encoding   

  12  0:00  SCV  
  13  0:13  SCV  
  14  0:19  Supply Depot  
  14  0:25  SCV  
  15  0:41  SCV  
  16  0:43  Barracks  
  16  0:53  SCV  
  17  1:05  SCV  
  18  1:14  Command Center  
  18  1:29  Marine  
  18  1:32  Orbital Command  
  19  1:38  Supply Depot  
  19  1:45  Refinery  
  19  1:47  Marine  
  20  1:58  SCV  
  20  2:00  Barracks  
  21  2:07  Refinery  
  21  2:10  SCV  
  22  2:17  Marine  
  23  2:23  SCV  
  23  2:25  Supply Depot  
  24  2:35  Barracks Tech Lab  
  24  2:36  SCV  
  25  2:46  Marine  
  25  2:48  SCV  
  27  2:56  Refinery, SCV  
  28  3:02  Marine  
  28  3:05  Barracks Tech Lab  
  29  3:12  Factory  
  29  3:18  SCV  
  30  3:20  Refinery, Marauder  
  32  3:27  Factory  
  32  3:34  Marauder  
  34  3:42  SCV  
  34  3:45  SCV  
  36  3:49  Marauder  
  36  3:54  SCV  
  39  3:55  Factory Tech Lab  
  39  3:58  Starport  
  39  4:02  SCV  
  40  4:06  SCV  
  41  4:10  Marine  
  41  4:11  Factory Tech Lab  
  41  4:14  SCV  
  43  4:18  SCV  
  44  4:26  Marine, SCV  
  44  4:31  SCV, Supply Depot  
  46  4:35  Medivac  
  49  4:39  SCV  
  49  4:41  Marine  
  49  4:43  SCV  
  52  4:52  SCV  
  53  4:55  SCV, Supply Depot  
  53  4:57  Marine  
  55  5:04  SCV  
  56  5:08  SCV  
  56  5:13  Marine  
  58  5:20  SCV x2  
  58  5:21  Supply Depot  
  60  5:27  Medivac  
  61  5:29  Marauder  
  61  5:32  SCV  
  61  5:33  SCV  
  65  5:42  Engineering Bay  
  65  5:44  SCV, Supply Depot  
  65  5:45  Marauder  
  65  5:46  SCV  
  69  5:56  SCV  
  70  5:57  Starport Tech Lab  
  70  6:01  Marauder  
  72  6:04  SCV  
  72  6:08  SCV  
  72  6:09  Missile Turret  
  72  6:11  Missile Turret  
  73  6:13  Supply Depot  
  73  6:15  Missile Turret  
  73  6:16  SCV  
  73  6:18  Raven  
  76  6:20  Sensor Tower  
  76  6:21  Ghost Academy  
  76  6:23  SCV, Missile Turret  
  77  6:28  SCV  
  77  6:30  Armory  
  78  6:35  Bunker  
  78  6:39  SCV  
  78  6:41  Barracks  
  78  6:52  Ghost, Bunker  
  80  7:01  Raven  
  82  7:28  Barracks Reactor  
  80  10:04  Siege Tank  
  80  10:05  Stimpack, Combat Shield, Raven  
  80  10:06  Terran Infantry Weapons Level 1  
  85  10:08  Starport  
  85  10:10  Supply Depot  
  85  10:11  Fusion Core  
  85  10:12  Siege Tank  
  88  10:16  Command Center, Engineering Bay  
  88  10:21  Armory  
  88  10:33  Supply Depot  
  62  10:37  Siege Tank  
  63  10:44  Siege Tank, Starport Tech Lab  
  63  10:47  Marine  
  63  10:48  Raven  
  69  10:55  Marine  
  69  11:02  Medivac, Marine  
  72  11:10  Marine  
  69  11:18  Marine  
  69  11:24  Concussive Shells  
  67  11:26  Marine  
  67  11:30  SCV  
  66  11:33  SCV  
  66  11:34  Marine  
  66  11:36  SCV  
  66  11:38  Refinery  
  69  11:42  Marine, SCV, Missile Turret  
  69  11:45  SCV, Missile Turret  
  72  11:47  Refinery  
  72  11:48  SCV  
  72  11:50  Marine  
  74  11:58  Marine  
  74  12:01  SCV  
  75  12:03  SCV  
  75  12:05  Viking  
  75  12:08  Bunker  
  69  12:13  Hellion, SCV  
  63  12:16  SCV  
  63  12:20  Marauder  
  57  12:25  SCV  
  57  12:28  SCV  
Tags
 
Add a new tag
Caveats
  • Supply blocks, unpowered buildings, or Contaminate may cause inaccurate times.
  • Supply counts are checked every 10 seconds.